 Dungeon Crawl Stone Soup version 0.21-a0-215-g0631661 (webtiles) character file.

31271 tof the Tortoise (level 13, -7/116 HPs)
             Began as a Minotaur Berserker on Aug 22, 2017.
             Was a High Priest of Trog.
             Mangled by a skeletal warrior
             ... wielding a +0 war axe
              (14 damage)
             ... on level 13 of the Dungeon.
             The game lasted 00:45:33 (17550 turns).

tof the Tortoise (Minotaur Berserker)              Turns: 17550, Time: 00:45:34

Health: -7/116     AC: 26    Str: 22    XL:     13   Next: 25%
Magic:  21/21      EV: 10    Int:  4    God:    Trog [*****.]
Gold:   1108       SH:  0    Dex: 13    Spells: 12/12 levels left

rFire    . . .     SeeInvis .   V - +9 glaive of Doubt {vamp, +Rage rElec Stlth-}
rCold    . . .     Gourm    +   (shield currently unavailable)
rNeg     . . .     Faith    .   D - +0 plate armour
rPois    +         Spirit   .   S - +2 hat
rElec    +         Reflect  .   T - +2 cloak {rPois}
rCorr    .         Harm     .   O - +2 pair of gloves
MR       .....                  H - +1 pair of boots of Kores {+Fly MP+9}
Stlth    ..........             p - amulet of the gourmand
HPRegen  0.29/turn              Q - +3 ring of evasion
MPRegen  0.17/turn              o - +6 ring of protection

@: studying Dodging, extremely drained
A: retaliatory headbutt, hooves 1, horns 2, weak 1, evolution 1, sturdy frame 1
a: Berserk, Trog's Hand, Brothers in Arms, Burn Spellbooks, Renounce Religion,
Evoke Berserk Rage, Evoke Flight


You were on level 13 of the Dungeon.
You worshipped Trog.
Trog was extremely pleased with you.
You were completely stuffed.

You visited 2 branches of the dungeon, and saw 17 of its levels.

You collected 1108 gold pieces.

Inventory:

Hand Weapons
 v - a +4 antimagic executioner's axe
 V - the +9 glaive of Doubt (weapon) {vamp, +Rage rElec Stlth-}
   (Trog gifted it to you on level 8 of the Dungeon)

   It inflicts no extra harm, but heals its wielder when it wounds a living foe.
   It insulates you from electricity.
   It lets you go berserk.
   It makes you less stealthy.
 W - a +4 war axe of flaming
Armour
 D - a +0 plate armour (worn)
 H - the +1 pair of boots of Kores (worn) {+Fly MP+9}
   (You acquired it on level 12 of the Dungeon)

   It affects your magic capacity (+9).
   It lets you fly.
 O - a +2 pair of gloves (worn)
 S - a +2 hat (worn)
 T - a +2 cloak of poison resistance (worn)
Jewellery
 n - an uncursed ring of protection from cold
 o - a +6 ring of protection (right hand)
 p - an amulet of the gourmand (around neck)
 Q - a +3 ring of evasion (left hand)
Wands
 u - a wand of polymorph (15/24)
 w - a wand of random effects (32/48)
 z - a wand of clouds (1/9)
 G - a wand of digging (10/24)
Scrolls
 j - 5 scrolls of remove curse
 l - a scroll of blinking
 m - 4 scrolls of teleportation
 t - a scroll of vulnerability {unknown}
 x - 3 scrolls of fear
 A - a scroll of random uselessness {unknown}
 L - a scroll of fog
 R - 3 scrolls of recharging
Potions
 d - 2 potions of flight {unknown}
 e - 4 potions of curing
 f - a potion of agility
 i - a potion of heal wounds
 k - a potion of magic
 q - 3 potions of might
 r - a potion of cancellation
 C - 2 potions of invisibility
 F - a potion of haste
 N - 2 potions of brilliance {unknown}
 Z - a potion of berserk rage
Books
 b - a book of Misfortune

   Spells                             Type                      Level
   a - Confusing Touch                Hexes                        1
   b - Confuse                        Hexes                        3
   c - Gell's Gravitas                Translocation                3
   d - Petrify                        Transmutation/Earth          4
   e - Metabolic Englaciation         Hexes/Ice                    5
   f - Yara's Violent Unravelling     Hexes/Transmutation          5
   Trog disapproves of the use of such an item.
 h - a book of Air

   Spells                             Type                      Level
   a - Shock                          Conjuration/Air              1
   b - Swiftness                      Charms/Air                   2
   c - Static Discharge               Conjuration/Air              3
   d - Airstrike                      Air                          4
   e - Lightning Bolt                 Conjuration/Air              5
   Trog disapproves of the use of such an item.
 y - a manual of Dodging
 B - a book of Changes

   Spells                             Type                      Level
   a - Beastly Appendage              Transmutation                1
   b - Sticks to Snakes               Transmutation                2
   c - Spider Form                    Transmutation/Poison         3
   d - Ice Form                       Ice/Transmutation            4
   e - Blade Hands                    Transmutation                5
   Trog disapproves of the use of such an item.
Miscellaneous
 E - a fan of gales
 X - a sack of spiders
Comestibles
 a - 13 royal jellies
 c - 17 bread rations
 g - 12 meat rations
 s - 24 fruits
 I - a chunk of flesh


   Skills:
 + Level 11.4(0.0) Fighting
 - Level 12.2(0.0) Axes
 * Level 10.5(0.0) Polearms
 * Level 15.4(0.3) Armour
 * Level 10.3(0.0) Dodging


You had 12 spell levels left.
You didn't know any spells.

Dungeon Overview and Level Annotations

Branches:
Dungeon (13/15)            Temple (0/1) D:7            Lair (4/6) D:11
 Shoals (0/4) Lair:3       Spider (0/4) Lair:3          Orc (0/2) D:11
 Vaults: D:13-14

Altars:
Cheibriados
Dithmenos
Elyvilon
Makhleb
Sif Muna
Trog
Uskayaw
Yredelemnul
Zin

Shops:
D:4 (*:[   D:11 (

Annotations:
Lair:4 exclusion: oklob plant, Sonja


Innate Abilities, Weirdness & Mutations

You reflexively headbutt those who attack you in melee.
You have a pair of horns on your head.
You have large cloven feet.
You are weak. (Str -2)
You evolve.
Your movements are slightly less encumbered by armour. (ER -2)


Message History

The skeletal warrior hits you with a mace!
The skeletal warrior barely misses you.
The skeletal warrior closely misses you.
You hit the skeletal warrior but do no damage.
Your headbutt misses the skeletal warrior.
The skeletal warrior is heavily damaged.
The skeletal warrior hits you with a mace!
* * * LOW HITPOINT WARNING * * *
The skeletal warrior hits you with a battleaxe!
* * * LOW HITPOINT WARNING * * *
The skeletal warrior hits you but does no damage.
The skeletal warrior closely misses you.
You furiously retaliate!
You headbutt the skeletal warrior, but do no damage.
You slash the skeletal warrior!
The skeletal warrior is heavily damaged.
The skeletal warrior hits you with a battleaxe!
* * * LOW HITPOINT WARNING * * *
The skeletal warrior hits you with a war axe!
You die...

................
.........................
................<........
.........##+####.........
#.......# ..#......###
#.......# ...###....#
#.......# ..... #....#
#......z#...... #...##
#......@z...... #...#
#..†.).z#...... #...#
###.......# ..... ##..#
...........# .... #..#
###........# ... #..#
#........##########..#
#....................####
#........................
########.................


You could see 3 skeletal warriors.

Vanquished Creatures
  Gastronok (Lair:1)
  Kirke (Lair:4)
  A catoblepas (Lair:2)
  2 hydras
  A centaur warrior (D:12)
  3 two-headed ogres
  Pikel (D:7)
  A necromancer (Lair:4)
  An ugly thing (D:11)
  A centaur zombie (D:13)
  2 black mambas (Lair:2)
  Maurice (D:8)
  Joseph (D:7)
  A gargoyle (D:10)
  4 spiny frogs
  2 efreet (D:12)
  A rime drake (Lair:2)
  2 komodo dragons
  5 trolls
  A queen bee (D:12)
  A polar bear (Lair:3)
  Grinder (D:5)
  3 blink frogs (Lair:3)
  A meliai zombie (D:12)
  6 hippogriffs
  6 dream sheep (Lair:2)
  Sigmund (D:5)
  2 hogs (Lair:4)
  2 basilisks
  3 wyverns (D:12)
  20 yaks
  A soldier ant (D:11)
  9 water moccasins
  6 porcupines
  An elephant zombie (Lair:4)
  3 ice beasts
  2 sky beasts
  2 black bears
  8 ogres
  4 orc warriors
  3 phantoms
  4 wolves (Lair:2)
  14 centaurs
  6 crocodiles
  5 big kobolds
  Blork the orc (D:5)
  14 bullfrogs
  A gnoll sergeant (D:12)
  A scorpion (D:8)
  21 killer bees
  9 howler monkeys
  An electric eel (Lair:4)
  3 crimson imps
  A bullfrog zombie (D:11)
  A basilisk zombie (Lair:4)
  5 hounds
  2 jellies
  4 centaur skeletons
  8 orc wizards
  3 orc priests
  A gnoll shaman (D:8)
  Jessica (D:5)
  An iguana (D:7)
  7 worker ants
  A crocodile zombie (Lair:4)
  2 hound skeletons (D:4)
  A howler monkey zombie (D:11)
  9 gnolls
  7 adders
  2 shadow imps
  An ooze (D:2)
  An adder skeleton (D:6)
  5 worms
  2 dart slugs
  6 leopard geckos
  33 orcs
  10 bats
  5 giant cockroaches
  6 goblins
  9 hobgoblins
  6 jackals
  28 kobolds
  3 quokkas
  2 ball pythons (D:1)
  5 frilled lizards
  A jackal skeleton (D:5)
  A jackal zombie (D:7)
  A leopard gecko skeleton (D:5)
  10 rats
389 creatures vanquished.

Vanquished Creatures (others)
  A human (Lair:4)
  2 fungi (Lair:2)
  A plant (Lair:2)
4 creatures vanquished.

Grand Total: 393 creatures vanquished

Notes
Turn   | Place    | Note
-------+----------+-------------------------------------------
     0 | D:1      | tof the Minotaur Berserker began the quest for the Orb.
     0 | D:1      | Reached XP level 1. HP: 19/19 MP: 0/0
   262 | D:1      | Reached XP level 2. HP: 27/27 MP: 1/1
   510 | D:1      | Reached skill level 3 in Armour
   817 | D:1      | Reached XP level 3. HP: 25/33 MP: 2/2
  1028 | D:2      | Reached ** piety under Trog
  1334 | D:2      | Found a bloodstained altar of Trog.
  1334 | D:2      | Found a glowing silver altar of Zin.
  1384 | D:3      | Reached XP level 4. HP: 31/40 MP: 3/3
  2378 | D:4      | Reached skill level 4 in Armour
  2538 | D:4      | Reached *** piety under Trog
  2538 | D:4      | Reached skill level 5 in Axes
  2538 | D:4      | Reached XP level 5. HP: 20/47 MP: 4/4
  2740 | D:4      | Found Bekempag's Book Shoppe.
  2751 | D:4      | Found Qytepif's Assorted Antiques.
  2773 | D:4      | Noticed an ogre
  2781 | D:4      | Killed an ogre
  2872 | D:4      | Reached XP level 6. HP: 32/53 MP: 5/5
  2875 | D:4      | Reached skill level 5 in Armour
  3074 | D:4      | Found Katrayz's Antique Weapon Emporium.
  3164 | D:4      | Found Ylasic's Antique Armour Emporium.
  3335 | D:4      | Reached skill level 5 in Fighting
  3599 | D:5      | Entered Level 5 of the Dungeon
  3608 | D:5      | Noticed Grinder
  3608 | D:5      | Paralysed by Grinder for 3 turns
  3630 | D:5      | Killed Grinder
  3630 | D:5      | Reached skill level 6 in Armour
  3630 | D:5      | Reached XP level 7. HP: 54/61 MP: 6/6
  3842 | D:5      | Found a shadowy altar of Dithmenos.
  3860 | D:5      | Noticed Jessica
  3883 | D:5      | Noticed Sigmund
  3954 | D:5      | Killed Sigmund
  4044 | D:5      | Reached XP level 8. HP: 64/70 MP: 7/7
  4172 | D:5      | Reached skill level 7 in Armour
  4295 | D:5      | Noticed Blork the orc
  4303 | D:5      | Killed Blork the orc
  4740 | D:5      | Found a basalt altar of Yredelemnul.
  4784 | D:5      | Killed Jessica
  4795 | D:5      | Found a deep blue altar of Sif Muna.
  5164 | D:6      | Reached skill level 8 in Armour
  5164 | D:6      | Reached skill level 5 in Dodging
  5787 | D:6      | Noticed a dagger
  5788 | D:6      | Noticed a hand axe
  5831 | D:6      | Reached **** piety under Trog
  5904 | D:6      | Found a hide-covered altar of Uskayaw.
  6224 | D:7      | Noticed Joseph
  6310 | D:6      | Reached XP level 9. HP: 12/78 MP: 8/8
  6622 | D:7      | HP: 1/78 [Joseph/uncursed quarterstaff (14)]
  6623 | D:7      | Killed Joseph
  6623 | D:7      | Reached skill level 9 in Armour
  7227 | D:7      | Reached skill level 10 in Axes
  7236 | D:7      | Reached skill level 10 in Armour
  7429 | D:7      | Found a staircase to the Ecumenical Temple.
  7645 | D:7      | Noticed Pikel
  7650 | D:7      | Killed Pikel
  7650 | D:7      | Reached XP level 10. HP: 47/88 MP: 9/9
  8052 | D:8      | Found a burning altar of Makhleb.
  8160 | D:8      | You fall through a shaft for 3 floors!
  8160 | D:11     | Found a staircase to the Lair.
  8169 | D:10     | Entered Level 10 of the Dungeon
  8271 | D:10     | Noticed a two-headed ogre
  8280 | D:10     | Killed a two-headed ogre
  8280 | D:10     | Reached skill level 11 in Armour
  8374 | D:10     | Noticed a gargoyle
  8379 | D:10     | Killed a gargoyle
  8663 | D:10     | Noticed a two-headed ogre
  8669 | D:10     | Killed a two-headed ogre
  9406 | D:9      | Reached ***** piety under Trog
  9482 | D:8      | Noticed a two-headed ogre
  9492 | D:8      | Killed a two-headed ogre
  9607 | D:8      | Noticed Maurice
  9664 | D:8      | Killed Maurice
  9664 | D:8      | Reached XP level 11. HP: 90/95 MP: 10/10
  9752 | D:8      | You fall through a shaft for 2 floors!
  9835 | D:8      | Reached skill level 12 in Armour
  9936 | D:8      | Received a gift from Trog
  9946 | D:8      | Got a faintly glowing glaive {god gift}
  9947 | D:8      | Identified the +9 glaive of Doubt {vamp, +Rage rElec Stlth-} (Trog gifted it to you on level 8 of the Dungeon)
 10321 | D:9      | Found a snail-covered altar of Cheibriados.
 10321 | D:9      | Found a white marble altar of Elyvilon.
 10346 | D:9      | Reached skill level 1 in Polearms
 10830 | D:9      | Found a shadowy altar of Dithmenos.
 10983 | D:11     | Found Pimes's Antique Weapon Shoppe.
 11118 | D:11     | Gained mutation: You are frail. (-10% HP) [potion of mutation]
 11118 | D:11     | Gained mutation: Your spells are a little easier to cast, but a little less powerful. [potion of mutation]
 11118 | D:11     | Gained mutation: Your movements are slightly less encumbered by armour. (ER -2) [potion of mutation]
 11118 | D:11     | Gained mutation: You have a somewhat thin skeletal structure. (Dex +2, Stealth) [potion of mutation]
 11251 | D:11     | Noticed a cyan ugly thing
 11263 | D:11     | Killed a cyan ugly thing
 11279 | D:11     | Found a staircase to the Orcish Mines.
 11392 | Lair:1   | Entered Level 1 of the Lair of Beasts
 11430 | Lair:1   | Noticed a four-headed hydra
 11438 | Lair:1   | Killed a one-headed hydra
 11730 | Lair:1   | Noticed Gastronok
 11740 | Lair:1   | Killed Gastronok
 11740 | Lair:1   | Reached skill level 5 in Polearms
 11740 | Lair:1   | Reached skill level 13 in Armour
 12179 | Lair:2   | Reached XP level 12. HP: 95/95 MP: 11/11
 12248 | Lair:2   | Reached skill level 10 in Fighting
 12574 | Lair:2   | Noticed a four-headed hydra
 12588 | Lair:2   | Killed a nine-headed hydra
 12588 | Lair:2   | Reached skill level 14 in Armour
 12802 | Lair:2   | Lost mutation: You are frail. (-10% HP) [potion of mutation]
 12802 | Lair:2   | Lost mutation: Your spells are a little easier to cast, but a little less powerful. [potion of mutation]
 12802 | Lair:2   | Lost mutation: You have a somewhat thin skeletal structure. (Dex +2, Stealth) [potion of mutation]
 12802 | Lair:2   | Gained mutation: You are weak. (Str -2) [potion of mutation]
 12802 | Lair:2   | Gained mutation: You evolve. [potion of mutation]
 12802 | Lair:2   | Gained mutation: You have large cloven feet. [potion of mutation]
 13207 | Lair:2   | Noticed a catoblepas
 13229 | Lair:2   | Killed a catoblepas
 13306 | Lair:3   | Found a hole to the Spider Nest.
 13648 | Lair:3   | Found a staircase to the Shoals.
 14198 | Lair:4   | Noticed Kirke
 14212 | Lair:4   | Killed Kirke
 14389 | Lair:4   | Noticed Sonja
 14599 | Lair:4   | Reached skill level 10 in Dodging
 14867 | Lair:4   | Received a gift from Trog
 15274 | Lair:4   | Reached skill level 15 in Armour
 15329 | Lair:4   | HP: 1/110 [yak (11)]
 15721 | D:12     | Reached XP level 13. HP: 104/116 MP: 12/12
 15867 | D:12     | Reached skill level 10 in Polearms
 17310 | D:12     | Identified 2 scrolls of acquirement
 17313 | D:12     | Got a pair of smoking boots
 17324 | D:12     | Identified the +1 pair of boots of Kores {+Fly MP+9} (You acquired it on level 12 of the Dungeon)
 17550 | D:13     | Mangled by a skeletal warrior

Vault maps used:
D:1:      nicolae_arrival_memento_mori, minmay_misc_feat_more_columns
D:2:      gammafunk_temple_overflow_elements
D:3:      first_bread
D:4:      serial_shops, kennysheep_mini, nicolae_shop_trees, shop, shop
D:5:      tgw_sif, marbit_many_paths, grunt_dithmenos_smoke, uniq_grinder,
          uniq_sigmund, uniq_blork_the_orc
D:6:      dancing_weapons_uskayaw
D:7:      minmay_temple_entry_junction, uniq_joseph, uniq_pikel
D:8:      lemuel_crystal_altar, uniq_maurice
D:9:      lemuel_coloured_pillars_altar,
          chequers_temple_overflow_statue_of_worship
D:11:     david_lair_generic, orc_0_dummy, serial_shops, shop
D:12:     david_nohive_1
Lair:1:   lemuel_old_faithful, uniq_gastronok
Lair:2:   grunt_megastairs_4, lemuel_fruit_fields
Lair:3:   shoals_dummy_entry, dummy_spider_entry
Lair:4:   pond_and_an_island_with_a_cottage, uniq_sonja, uniq_kirke

Skill      XL: |  1  2  3  4  5  6  7  8  9 10 11 12 13 |
---------------+----------------------------------------+-----
Axes           | 4 5 6 7 9 10 12 | 12.2
Armour         | 3 4 6 8 10 11 13 15 | 15.4
Fighting       | 4 5 6 7 8 9 11 | 11.4
Dodging        | 3 4 5 6 8 9 10 | 10.3
Polearms       | 6 9 10 | 10.5

Action                   |  1- 3 |  4- 6 |  7- 9 | 10-12 | 13-15 || total
-------------------------+-------+-------+-------+-------+-------++-------
Melee: Hand axe          |    91 |   134 |       |       |       ||   225
       Headbutt          |    18 |    35 |    53 |   105 |    34 ||   245
       War axe           |       |    12 |    46 |     4 |       ||    62
       Battleaxe         |       |       |   250 |   116 |       ||   366
       Glaive            |       |       |       |   377 |   184 ||   561
Invok: Burn Spellbooks   |       |     1 |       |       |       ||     1
       Berserk           |       |       |     1 |     8 |       ||     9
       Trog's Hand       |       |       |     1 |     1 |       ||     2
  Use: Scroll            |       |       |     7 |    12 |     9 ||    28
       Potion            |       |       |       |     5 |       ||     5
  Eat: Chunk             |     2 |    18 |    15 |    48 |     7 ||    90
Armor: Animal skin       |    15 |     2 |       |       |       ||    17
       Scale mail        |       |    18 |       |       |       ||    18
       Chain mail        |       |    22 |    36 |       |       ||    58
       Plate armour      |       |       |   140 |   502 |   251 ||   893
Dodge: Dodged            |    59 |    68 |   155 |   394 |   231 ||   907

Table legend:
 A = Spawn XP
 B = Non-spawn XP
 C = Spawn XP percentage of total XP
 D = Spawn monster count
 E = Non-spawn monster count
 F = Spawn count percentage of total count
 G = Total turns spent on level
                    A         B        C        D         E        F      G
               +---------+---------+-------+---------+---------+-------+---------
         Total |    9291 |   35383 |  20.8 |      69 |     320 |  17.7 | 17550
               +---------+---------+-------+---------+---------+-------+---------
           D:1 |       8 |      38 |  17.4 |       4 |      23 |  14.8 |  1023
           D:2 |       0 |      48 |   0.0 |       0 |      21 |   0.0 |   342
           D:3 |      10 |      33 |  23.3 |       5 |      13 |  27.8 |  1008
           D:4 |      98 |     570 |  14.7 |       7 |      17 |  29.2 |  1262
           D:5 |      58 |    1104 |   5.0 |       2 |      18 |  10.0 |  1498
           D:6 |     129 |     464 |  21.8 |       2 |      15 |  11.8 |  1310
           D:7 |     302 |    3271 |   8.5 |       6 |      34 |  15.0 |  1602
           D:8 |     201 |    1836 |   9.9 |       5 |      15 |  25.0 |   943
           D:9 |       0 |     952 |   0.0 |       0 |      16 |   0.0 |   891
          D:10 |     630 |    2490 |  20.2 |       7 |       9 |  43.8 |  1024
          D:11 |       0 |    2828 |   0.0 |       0 |      36 |   0.0 |   504
          D:12 |    1719 |    4656 |  27.0 |      10 |      41 |  19.6 |  1784
          D:13 |       0 |     531 |   0.0 |       0 |       2 |   0.0 |    75
        Lair:1 |     411 |    4650 |   8.1 |       1 |      11 |   8.3 |   732
        Lair:2 |    4431 |    4490 |  49.7 |      14 |      19 |  42.4 |  1237
        Lair:3 |     252 |    2123 |  10.6 |       2 |      11 |  15.4 |   918
        Lair:4 |    1042 |    5299 |  16.4 |       4 |      19 |  17.4 |  1397
               +---------+---------+-------+---------+---------+-------+---------
